 Dungeon Crawl Stone Soup version 0.27-a0-773-gaaee5cf45b (webtiles) character file.

Game seed: 17141881476760028246

5140 robertstho the Thaumaturge (level 10, -4/69 HPs)
             Began as a Djinni Fire Elementalist on Mar 25, 2021.
             Was an Initiate of Gozag.
             Shot with an arrow by a centaur (10 damage)
             ... on level 8 of the Dungeon.
             The game lasted 00:20:16 (12468 turns).

robertstho the Thaumaturge (DjFE)                  Turns: 12468, Time: 00:20:18

Health: -4/69      AC:  3    Str:  7    XL:     10   Next: 58%
Gold:   452        EV: 15    Int: 21    God:    Gozag SH:  0 Dex: 19

rFire    + + .     SeeInvis .   w - +2 broad axe (flame)
rCold    x . .     Faith    .   (no shield)
rNeg     . . .     Spirit   .   a - +0 robe
rPois    ∞         Reflect  .   (no helmet)
rElec    .         Harm     .   f - +0 cloak
rCorr    .         Rampage  .   (no gloves)
Will     +....                  (boots unavailable)
Stlth    ++........             (no amulet)
HPRegen  0.21/turn              q - +6 ring of dexterity
MPRegen  0.00/turn              A - ring of wizardry

@: gold aura, flying
A: fire resistance 2, cold vulnerability 1, float, innate caster, hp casting,
extra vitality 1
a: Renounce Religion, Potion Petition, Call Merchant, Bribe Branch


You were on level 8 of the Dungeon.
You worshipped Gozag.
Gozag was aware of your devotion.
You visited 2 branches of the dungeon, and saw 9 of its levels.

You collected 803 gold pieces.
You spent 279 gold pieces at shops.
You paid 72 gold pieces to Gozag.

Inventory:

Hand Weapons
 k - a +1 dagger of venom
 o - a +0 flail of holy wrath
 w - a +2 broad axe of flaming (weapon)
 y - the +5 broad axe "Mades" {speed, rElec Str+4 Int-5}
   (You bought it in a shop on level 4 of the Dungeon)

   Attacks with this weapon are significantly faster.
   It affects your strength (+4).
   It affects your intelligence (-5).
   It insulates you from electricity.
Armour
 a - a +0 robe (worn)
 b - a +1 buckler of protection
 f - a +0 cloak (worn)
Jewellery
 q - a +6 ring of dexterity (right hand)
 z - a ring of ice
 A - a ring of wizardry (left hand)
Wands
 g - a wand of polymorph (4)
 j - a wand of mindburst (11)
 t - a wand of flame (10)
Scrolls
 c - 3 scrolls of magic mapping
 e - a scroll of fear
 p - a scroll of acquirement {unknown}
 u - a scroll of enchant armour {unknown}
 v - a scroll of blinking {unknown}
 x - a scroll of fog
 B - 3 scrolls of noise {unknown}
 C - a scroll of identify
Potions
 d - 2 potions of lignification
 h - a potion of haste {unknown}
 i - a potion of magic {unknown}
 l - a potion of resistance
 m - 3 potions of curing
 n - a potion of cancellation
 r - 2 potions of attraction
 s - a potion of heal wounds


   Skills:
 * Level 4.7 Fighting
 + Level 1.7 Short Blades
 + Level 1.8(1.9) Axes
 + Level 0.9(1.4) Maces & Flails
 + Level 4.9 Dodging
 - Level 1.5 Stealth
 * Level 4.9 Shields
 + Level 0.1 Unarmed Combat
 * Level 10.7 Spellcasting


You had 4 spell levels left.
You knew the following spells:

 Your Spells              Type           Power      Damage    Failure   Level
a - Foxfire               Conj/Fire      100%       2x1d9     1%          1
b - Conjure Flame         Conj/Fire      54%        6-21      1%          3
c - Inner Flame           Hex/Fire       54%        N/A       1%          3
d - Sticky Flame          Conj/Fire      54%        2d7       1%          4
e - Fireball              Conj/Fire      27%        3d12      1%          5
f - Magic Dart            Conj           100%       1d8       1%          1
g - Swiftness             Air            54%        N/A       1%          2
h - Lesser Beckoning      Tloc           27%        N/A       1%          3
i - Hailstorm             Conj/Ice       54%        3d12      1%          4
Your spell library was empty.

Dungeon Overview and Level Annotations

Branches:
Dungeon (8/15)             Temple (1/1) D:4
   Lair: D:8-11

Altars:
Ashenzari
Cheibriados
Dithmenos
Elyvilon
Fedhas
Gozag
Hepliaklqana
Kikubaaqudgha
Makhleb
Nemelex Xobeh
Qazlal
Sif Muna
Trog
Uskayaw
Vehumet
Wu Jian
Xom
Yredelemnul
Zin
Beogh

Shops:
D:2 :   D:4 (

Annotations:
D:4 279 axe, 3 runed translucent doors, robertstho's ghost, amateur DjFE


Innate Abilities, Weirdness & Mutations

You are immune to poison.
Your flesh is very heat resistant. (rF++)
You are vulnerable to cold. (rC-)
You float through the air rather than walking.
You learn spells naturally, not from books.
Your magical power is your life essence.
You have superior vitality. (+4 HP)


Message History

The arrow hits you!
You hear a shout!
Casting: Fireball (dangerous; 1% risk of failure)
Confirm with . or Enter, or press ? or * to list all spells.
Aiming: Fireball (dangerous; 1% risk of failure)
Press: ? - help, Shift-Dir - straight line, f - centaur
Aim: a centaur, wielding a +0 shortbow and quivering arrows The fireball explodes!
The fireball engulfs the centaur!!
You kill the centaur!
You hear a shout!
A centaur comes into view.
The centaur shoots an arrow.
The arrow closely misses you.
Casting: Fireball (dangerous; 1% risk of failure)
Confirm with . or Enter, or press ? or * to list all spells.
Aiming: Fireball (dangerous; 1% risk of failure)
Press: ? - help, Shift-Dir - straight line, f - centaur
Aim: a centaur, wielding a +0 shortbow and quivering arrows The fireball explodes!
The fireball engulfs the centaur!!
The centaur is severely wounded.
The centaur shoots an arrow.
The arrow hits you!
A centaur comes into view.
The centaur wields a +0 shortbow.
The centaur shoots an arrow.
The arrow hits you!
The centaur shoots an arrow.
The arrow hits you!
* * * LOW HITPOINT WARNING * * *
Casting: Fireball (dangerous; 1% risk of failure)
Confirm with . or Enter, or press ? or * to list all spells.
Aiming: Fireball (dangerous; 1% risk of failure)
Press: ? - help, Shift-Dir - straight line, f/p - centaur
Aim: a centaur, wielding a +0 shortbow and quivering arrows (severely wounded)
The fireball explodes!
The fireball engulfs the centaur!!
You kill the centaur!
The fireball engulfs the centaur!!
You kill the centaur!
The centaur shouts!
* * * LOW HITPOINT WARNING * * *
You hear a shout! x2
The centaur wields a +0 shortbow.
The centaur shoots an arrow.
The arrow hits you!
You die...
Your body crumbles into a pile of gold.

≈≈≈≈≈≈≈≈.c# $
≈≈≈≈≈≈≈$.#
≈≈≈≈≈≈§$# $ .
≈≈≈≈≈§$#$$ ..
≈≈≈≈§.####. ...
≈≈≈≈≈..≈≈≈≈ ....
#≈≈≈≈≈≈≈≈≈≈
.....##@#≈≈≈≈≈≈#
....<...##.....#
..#...#..#.....###
######..........
....#.........
....#.....##...
..... #..
#.....#..........
..... #..
#..._.#..#.......
.....##.. #....
#..#..#....


You could see a centaur.

Vanquished Creatures
  Pikel (D:4)
  Psyche (D:8)
  Grinder (D:3)
  Prince Ribbit (D:6)
  Eustachio (D:6)
  3 vampire mosquitoes (D:8)
  Menkaure (D:4)
  A water moccasin (D:5)
  Duvessa (D:4)
  A hornet zombie (D:7)
  2 sky beasts
  2 black bears
  4 orc warriors
  4 necrophages
  2 ogres
  3 centaurs (D:8)
  A lemure (D:4)
  A kobold brigand (D:7)
  3 bullfrogs
  A water moccasin zombie (D:6)
  Dowan (D:4)
  2 water moccasin skeletons
  2 scorpions
  9 wights
  A howler monkey (D:7)
  3 hounds
  A centaur zombie (D:4)
  A bullfrog skeleton (D:2)
  2 jellies
  3 orc priests
  Crazy Yiuf (D:2)
  Ijyb (D:2)
  2 iguanas
  3 orc wizards
  A hound zombie (D:5)
  A mummy (D:8)
  A howler monkey zombie (D:6)
  8 gnolls
  5 adders
  A shadow imp (D:5)
  3 adder skeletons
  A dart slug (D:3)
  3 worms
  45 orcs
  6 bats
  6 endoplasms
  3 giant cockroaches
  3 goblins
  11 hobgoblins
  3 jackals (D:1)
  3 quokkas (D:1)
  10 ball pythons
  A frilled lizard (D:2)
  5 kobolds
  8 rats
195 creatures vanquished.

Vanquished Creatures (collateral kills)
  3 foxfires
3 creatures vanquished.

Vanquished Creatures (others)
  390 foxfires
390 creatures vanquished.

Grand Total: 588 creatures vanquished

Notes
Turn   | Place    | Note
-------+----------+-------------------------------------------
     0 | D:1      | robertstho the Djinni Fire Elementalist began the quest for
                  | the Orb.
     0 | D:1      | Reached XP level 1. HP: 15/15 MP: 0/0
   131 | D:1      | Reached skill level 3 in Spellcasting
   271 | D:1      | Reached XP level 2. HP: 16/21 MP: 0/0
  1274 | D:1      | Reached XP level 3. HP: 24/26 MP: 0/0
  1274 | D:1      | Learned a level 1 spell: Magic Dart
  2527 | D:2      | Reached XP level 4. HP: 25/31 MP: 0/0
  2601 | D:2      | Found Mirofyiz's Book Emporium.
  2610 | D:2      | Reached skill level 1 in Shields
  2739 | D:2      | Reached skill level 1 in Fighting
  2739 | D:2      | Reached skill level 4 in Spellcasting
  2960 | D:2      | Found a runed translucent door.
  2961 | D:2      | Noticed Crazy Yiuf
  3163 | D:2      | Killed Crazy Yiuf
  3164 | D:2      | Reached XP level 5. HP: 34/37 MP: 0/0
  3164 | D:2      | Learned a level 2 spell: Swiftness
  3229 | D:3      | Noticed Ijyb
  3239 | D:2      | Killed Ijyb
  3981 | D:3      | Noticed Grinder
  3983 | D:3      | Paralysed by Grinder for 5 turns
  3999 | D:3      | Killed Grinder
  4000 | D:3      | Reached skill level 5 in Spellcasting
  4000 | D:3      | Reached XP level 6. HP: 36/43 MP: 0/0
  4373 | D:4      | Noticed Menkaure
  4385 | D:4      | Killed Menkaure
  4386 | D:4      | Reached XP level 7. HP: 10/49 MP: 0/0
  4386 | D:4      | Learned a level 3 spell: Lesser Beckoning
  4804 | D:4      | Found Iqaevy's Antique Weapon Shoppe.
  4805 | D:4      | Found a burning altar of Makhleb.
  4899 | D:4      | Reached skill level 6 in Spellcasting
  4935 | D:4      | Noticed robertstho's ghost (amateur DjFE)
  5020 | D:4      | Found a staircase to the Ecumenical Temple.
  5038 | Temple   | Entered the Ecumenical Temple
  5276 | D:4      | Noticed Pikel
  5287 | D:4      | Killed Pikel
  5288 | D:4      | Reached skill level 7 in Spellcasting
  5288 | D:4      | Reached XP level 8. HP: 37/56 MP: 0/0
  5440 | D:4      | Reached skill level 1 in Short Blades
  5560 | D:4      | Noticed Duvessa
  5560 | D:4      | Noticed Dowan
  5566 | D:4      | Killed Duvessa
  5571 | D:4      | Killed Dowan
  6119 | D:4      | Found a runed translucent gate.
  6139 | D:4      | Found a runed translucent gate.
  6143 | D:4      | Found a runed translucent gate.
  6307 | D:5      | Entered Level 5 of the Dungeon
  6528 | D:5      | Reached skill level 8 in Spellcasting
  6867 | D:5      | Reached XP level 9. HP: 50/61 MP: 0/0
  6867 | D:5      | Learned a level 4 spell: Hailstorm
  7470 | D:6      | Noticed Prince Ribbit
  7478 | D:6      | Killed Prince Ribbit
  7592 | D:6      | Noticed Eustachio
  7599 | D:6      | Killed Eustachio
  7602 | D:6      | Found a shimmering altar of Xom.
  7687 | D:6      | Reached skill level 9 in Spellcasting
  8553 | D:6      | Found an opulent altar of Gozag.
  8587 | D:6      | Found a sparkling altar of Nemelex Xobeh.
  8599 | D:6      | Became a worshipper of Gozag Ym Sagoz the Greedy
  9761 | D:7      | Reached XP level 10. HP: 50/67 MP: 0/0
  9772 | D:7      | Reached skill level 10 in Spellcasting
 10288 | D:7      | Found Tebyicynt's Antique Armour Emporium.
 10507 | D:4      | Bought a bloodstained broad axe for 279 gold pieces
 10507 | D:4      | Identified the +5 broad axe "Mades" {speed, rElec Str+4
                  | Int-5} (You bought it in a shop on level 4 of the Dungeon)
 10778 | D:8      | Noticed Psyche
 11279 | D:8      | Reached skill level 1 in Axes
 11575 | D:8      | Killed Psyche
 12318 | D:8      | Found a snail-covered altar of Cheibriados.
 12468 | D:8      | Shot with an arrow by a centaur

Illustrated notes

Levels and vault maps discovered:
D:1:      lightli_arrival_windingriver, layout_basic, serial_forest,
          infiniplex_forest_lined_room_3, infiniplex_forest_clump_long,
          infiniplex_forest_clump_curved, infiniplex_forest_straight_4,
          infiniplex_forest_3_way, infiniplex_forest_end_1,
          infiniplex_forest_lined_room_, infiniplex_forest_clump_diagonal,
          infiniplex_forest_straight_3, infiniplex_forest_join
D:2:      layout_basic, serial_shops, nicolae_shop_stone,
          uniq_crazy_yiuf_cottage
D:3:      layout_basic, uniq_grinder, uniq_ijyb
D:4:      layout_rooms, bloody_makhleb, minmay_temple_entry_overgrown,
          serial_shops, shop_statue, gammafunk_ghost_icy,
          guppyfry_early_orc_mine, uniq_menkaure, uniq_duvessa, uniq_pikel
D:5:      layout_loops_cross, lemuel_round_altar, minmay_misc_feat_tiny
D:6:      layout_layer_cave, nemelex_xobeh_ov_fountains_minmay,
          lemuel_round_altar, lemuel_crystal_altar, uniq_eustachio,
          uniq_prince_ribbit1
D:7:      layout_basic, serial_shops, shop
D:8:      layout_cave_pools, slow_altar_1, special_room [special_room_orc],
          centaur_isle, uniq_psyche
Temple:   nicolae_temple_figure_eight

Skill      XL: |  1  2  3  4  5  6  7  8  9 10 |
---------------+-------------------------------+-----
Spellcasting   | 3 4 5 7 8 9 10 | 10.7
Shields        | 1 2 3 4 |  4.9
Fighting       | 1 2 3 4 |  4.7
Dodging        | 3 4 |  4.9
Short Blades   | 1 |  1.7
Axes           | 1 |  1.8
Maces & Flails | |  0.9
Stealth        | |  1.5
Unarmed Combat | |  0.1

Action                   |  1- 3 |  4- 6 |  7- 9 | 10-12 || total
-------------------------+-------+-------+-------+-------++-------
Melee: Unarmed           |     3 |       |       |       ||     3
       Dagger            |       |    28 |    35 |       ||    63
       Flail             |       |     6 |       |       ||     6
       Broad axe         |       |       |     5 |    11 ||    16
 Cast: Foxfire           |    70 |    30 |   119 |    15 ||   234
       Sticky Flame      |       |     3 |    18 |     8 ||    29
       Fireball          |       |       |    30 |    54 ||    84
       Inner Flame       |       |       |     1 |       ||     1
  Use: Scroll            |     5 |       |     2 |     4 ||    11
       Potion            |       |     4 |       |       ||     4
 Stab: Sleeping          |       |     1 |       |       ||     1
Armor: Robe              |     9 |     6 |    12 |     4 ||    31
Dodge: Dodged            |    31 |    20 |    58 |    15 ||   124
Block: Buckler           |     4 |    10 |       |       ||    14

Table legend: (Time is in decaauts)
 A = Elapsed time spent in this place.
 B = Non-inter-level travel time spent in this place.
 C = Inter-level travel time spent in this place.
 D = Time resting spent in this place.
 E = Time spent auto-exploring this place.
 F = Levels seen in this place.
 G = Mean time per level.
                   A        B        C        D        E       F      G
               +--------+--------+--------+--------+--------+-----+--------+
         Total |  12490 |  12025 |    465 |   2557 |   8201 |   9 | 1387.8 |
       Dungeon |  12272 |  11819 |    453 |   2557 |   7995 |   8 | 1534.0 |
        Temple |    217 |    206 |     11 |      0 |    206 |   1 |  217.0 |
               +--------+--------+--------+--------+--------+-----+--------+

Top non-repeatable levels by time:
     D:6: 2305 daAuts
     D:7: 2181 daAuts
     D:1: 2058 daAuts
     D:4: 1509 daAuts
     D:2: 1401 daAuts
     D:3: 1152 daAuts
     D:5: 1039 daAuts
     D:8: 624 daAuts
  Temple: 217 daAuts
